MWL (24 & UNDER)
PLUMSTEAD EAGLES @ BEMIDJI BENDERS
09/20/2023
 
TOP OF THE 1ST
Plumstead Eagles batting - Pitching for Bemidji Benders : RHP Cristián Torres
Pitching: RHP Cristián Torres
Batting: RHB Tim Gardner 0-0: Ball
1-0: SINGLE (Line Drive, 89S)
Batting: RHB José Moreno 0-0: Ball
1-0: Ball
2-0: Ground out U3 (Groundball, 3S)
Tim Gardner to second
Batting: LHB Eduardo Rodríguez 0-0: Ball
1-0: Ball
Wild Pitch!
Tim Gardner to third
2-0: Ball
3-0: Base on Balls
Batting: RHB Germano Labrego 0-0: Called Strike
0-1: Ball
1-1: Ball
2-1: Foul Ball, location: 2F
2-2: Ball
3-2: Foul Ball, location: 2F
3-2: Ground out 5-3 (Groundball, 5S)
Tim Gardner scores
Eduardo Rodríguez to second
Batting: SHB Nate Rhodes 0-0: Called Strike
0-1: Ball
1-1: DOUBLE (Line Drive, 7LD)
Eduardo Rodríguez scores
Batting: RHB Joe Land 0-0: Ball
1-0: Ball
2-0: Ball
3-0: Base on Balls
Batting: RHB Ron King 0-0: Ball
1-0: Swinging Strike
1-1: Swinging Strike
1-2: Strikes out swinging
Top of the 1st over - 2 run(s), 2 hit(s), 0 error(s), 2 left on base; Plumstead 2 - Bemidji 0
BOTTOM OF THE 1ST
Bemidji Benders batting - Pitching for Plumstead Eagles : RHP Luis Silva
Pitching: RHP Luis Silva
Batting: RHB António López 0-0: Ball
1-0: SINGLE (Groundball, 56D) (infield hit)
Batting: RHB Gabriel Stout 0-0: Called Strike
0-1: Ball
1-1: Ball
2-1: Grounds into double play, 5-4-3 (Groundball, 5)
Batting: SHB Edgardo Osorio 0-0: Ball
1-0: Ball
2-0: Called Strike
2-1: Ball
3-1: Called Strike
3-2: Foul Ball, location: 2F
3-2: DOUBLE (Line Drive, 7LM)
Batting: RHB Alfredo López 0-0: Swinging Strike
0-1: Called Strike
0-2: Ball
1-2: Ball
2-2: Strikes out swinging
Bottom of the 1st over - 0 run(s), 2 hit(s), 0 error(s), 1 left on base; Plumstead 2 - Bemidji 0
TOP OF THE 2ND
Plumstead Eagles batting - Pitching for Bemidji Benders : RHP Cristián Torres
Batting: RHB J.J. Leslie 0-0: Ground out 5-3 (Groundball, 56S)
Batting: RHB Louis Smith 0-0: Ball
1-0: Ball
2-0: Fly out, F9 (Flyball, 9S)
Batting: RHB Tim Gardner 0-0: Ball
1-0: Foul Ball, location: 2F
1-1: Foul Ball, location: 2F
1-2: Strikes out swinging
Top of the 2nd over - 0 run(s), 0 hit(s), 0 error(s), 0 left on base; Plumstead 2 - Bemidji 0
BOTTOM OF THE 2ND
Bemidji Benders batting - Pitching for Plumstead Eagles : RHP Luis Silva
Batting: RHB Juan Costello 0-0: Ball
1-0: Ball
2-0: SINGLE (Line Drive, 7LS)
Batting: RHB Javier Hernández 0-0: Ball
1-0: Foul Ball, location: 2F
1-1: Ball
2-1: Fly out, F9 (Flyball, 89S)
Batting: RHB Ángel Garza 0-0: Ball
1-0: Swinging Strike
1-1: Fly out, F9 (Flyball, 89D)
Batting: RHB Manny Ramírez 0-0: Ball
Juan Costello steals 2nd base
1-0: Ground out 6-3 (Groundball, 6M)
Bottom of the 2nd over - 0 run(s), 1 hit(s), 0 error(s), 1 left on base; Plumstead 2 - Bemidji 0
TOP OF THE 3RD
Plumstead Eagles batting - Pitching for Bemidji Benders : RHP Cristián Torres
Batting: RHB José Moreno 0-0: Foul Ball, location: 2F
0-1: Called Strike
0-2: Ball
1-2: Strikes out swinging
Batting: LHB Eduardo Rodríguez 0-0: Ball
1-0: Ball
2-0: Ball
3-0: Called Strike
3-1: Called Strike
3-2: SINGLE (Line Drive, 6M)
Batting: RHB Germano Labrego 0-0: Ball
1-0: Foul Ball, location: 2F
1-1: Ball
2-1: DOUBLE (Line Drive, 7D)
Eduardo Rodríguez to third
Batting: SHB Nate Rhodes 0-0: Called Strike
0-1: Ball
1-1: Called Strike
1-2: Ball
2-2: Strikes out swinging
Batting: RHB Joe Land 0-0: Foul Ball, location: 2F
0-1: Foul Ball, location: 2F
0-2: Ball
1-2: Strikes out looking
Top of the 3rd over - 0 run(s), 2 hit(s), 0 error(s), 2 left on base; Plumstead 2 - Bemidji 0
BOTTOM OF THE 3RD
Bemidji Benders batting - Pitching for Plumstead Eagles : RHP Luis Silva
Batting: SHB José Cruz 0-0: Ball
1-0: Foul Ball, location: 2F
1-1: Ball
2-1: Foul Ball, location: 2F
2-2: Foul Ball, location: 2F
2-2: Ground out 4-3 (Groundball, 4)
Batting: RHB António López 0-0: Ground out 5-3 (Groundball, 5)
Batting: RHB Gabriel Stout 0-0: Foul Ball, location: 2F
0-1: Foul Ball, location: 2F
0-2: Fly out, F8 (Flyball, 8LXD)
Bottom of the 3rd over - 0 run(s), 0 hit(s), 0 error(s), 0 left on base; Plumstead 2 - Bemidji 0
TOP OF THE 4TH
Plumstead Eagles batting - Pitching for Bemidji Benders : RHP Cristián Torres
Batting: RHB Ron King 0-0: Ball
1-0: Ball
2-0: SINGLE (Line Drive, 89M)
Batting: RHB J.J. Leslie 0-0: Ball
1-0: Foul Ball, location: 2F
1-1: Ball
2-1: Foul Ball, location: 2F
2-2: DOUBLE (Flyball, 78XD)
Ron King to third
Ron King scores
Batting: RHB Louis Smith 0-0: Ball
1-0: SINGLE (Line Drive, 7LS)
J.J. Leslie to third
Batting: RHB Tim Gardner 0-0: Ball
1-0: SINGLE (Groundball, 4D)
J.J. Leslie scores
Louis Smith to second
Runner from 2nd tries for 3rd, SAFE, throw made to third
Batting: RHB José Moreno 0-0: Called Strike
0-1: Ball
1-1: Grounds into double play, 1-6-3 (Groundball, 25)
Batting: LHB Eduardo Rodríguez 0-0: Called Strike
0-1: Ball
1-1: SINGLE (Groundball, 4MD)
Louis Smith scores
Batting: RHB Germano Labrego 0-0: Swinging Strike
0-1: Called Strike
0-2: Strikes out looking
Top of the 4th over - 3 run(s), 5 hit(s), 0 error(s), 1 left on base; Plumstead 5 - Bemidji 0
BOTTOM OF THE 4TH
Bemidji Benders batting - Pitching for Plumstead Eagles : RHP Luis Silva
Batting: SHB Edgardo Osorio 0-0: SINGLE (Line Drive, 7S)
Batting: RHB Alfredo López 0-0: Ball
1-0: Foul Ball, location: 2F
1-1: Ball
2-1: Ball
3-1: Fly out, F2 (Popup, 3SF)
Batting: RHB Juan Costello 0-0: Fly out, F9 (Flyball, 89M)
Batting: RHB Javier Hernández 0-0: Called Strike
Edgardo Osorio steals 2nd base
0-1: Called Strike
0-2: Foul Ball, location: 2F
0-2: Ball
1-2: Fly out, F7 (Line Drive, 78M)
Bottom of the 4th over - 0 run(s), 1 hit(s), 0 error(s), 1 left on base; Plumstead 5 - Bemidji 0
TOP OF THE 5TH
Plumstead Eagles batting - Pitching for Bemidji Benders : RHP Cristián Torres
Batting: SHB Nate Rhodes 0-0: Ground out 6-3 (Groundball, 6M)
Batting: RHB Joe Land 0-0: Ball
1-0: Foul Ball, location: 2F
1-1: Ground out 1-3 (Groundball, 15)
Batting: RHB Ron King 0-0: Swinging Strike
0-1: Ball
1-1: Fly out, F8 (Flyball, 8LS)
Top of the 5th over - 0 run(s), 0 hit(s), 0 error(s), 0 left on base; Plumstead 5 - Bemidji 0
BOTTOM OF THE 5TH
Bemidji Benders batting - Pitching for Plumstead Eagles : RHP Luis Silva
Batting: RHB Ángel Garza 0-0: TRIPLE (Line Drive, 8LM)
Batting: RHB Manny Ramírez 0-0: Ball
1-0: Ground out 6-3 (Groundball, 6)
Ángel Garza scores
Batting: SHB José Cruz 0-0: SINGLE (Line Drive, 78S)
Batting: RHB António López 0-0: Swinging Strike
0-1: Ball
1-1: Ball
2-1: Ball
3-1: DOUBLE (Flyball, 78M)
José Cruz to third
Runner from 3rd tries for Home, SAFE, no throw or cutoff
Batting: RHB Gabriel Stout 0-0: Fly out, F9 (Flyball, 9M)
Batting: SHB Edgardo Osorio 0-0: Called Strike
0-1: Ball
1-1: Swinging Strike
1-2: Strikes out swinging
Bottom of the 5th over - 2 run(s), 3 hit(s), 0 error(s), 1 left on base; Plumstead 5 - Bemidji 2
TOP OF THE 6TH
Plumstead Eagles batting - Pitching for Bemidji Benders : RHP Cristián Torres
Pitching: RHP Mark Anderson
Batting: RHB J.J. Leslie 0-0: Foul Ball, location: 2F
0-1: Ball
1-1: Foul Ball, location: 2F
1-2: SINGLE (Groundball, 6MD)
Batting: RHB Louis Smith 0-0: Called Strike
0-1: Foul Ball, location: 2F
0-2: Strikes out looking
Batting: RHB Tim Gardner 0-0: Called Strike
0-1: Called Strike
0-2: Foul Ball, location: 2F
0-2: Strikes out swinging
Batting: RHB José Moreno 0-0: Ball
Pickoff Throw to First - Out!
Top of the 6th over - 0 run(s), 1 hit(s), 0 error(s), 0 left on base; Plumstead 5 - Bemidji 2
BOTTOM OF THE 6TH
Bemidji Benders batting - Pitching for Plumstead Eagles : RHP Luis Silva
Batting: RHB Alfredo López 0-0: Ball
1-0: Called Strike
1-1: Swinging Strike
1-2: Ball
2-2: Foul Ball, location: 2F
2-2: Foul Ball, location: 2F
2-2: Ground out 2-3 (Groundball, 2R)
Batting: RHB Juan Costello 0-0: Hit by Pitch
Batting: RHB Javier Hernández 0-0: Called Strike
0-1: Ball
1-1: Grounds into double play, 3-6-3 (Groundball, 34)
Bottom of the 6th over - 0 run(s), 0 hit(s), 0 error(s), 0 left on base; Plumstead 5 - Bemidji 2
TOP OF THE 7TH
Plumstead Eagles batting - Pitching for Bemidji Benders : RHP Mark Anderson
Batting: RHB José Moreno 0-0: Ground out 6-3 (Groundball, 6)
Batting: LHB Eduardo Rodríguez 0-0: Ground out 6-3 (Groundball, 6M)
Batting: RHB Germano Labrego 0-0: Foul Ball, location: 2F
0-1: Ball
1-1: Called Strike
1-2: Foul Ball, location: 2F
1-2: Foul Ball, location: 2F
1-2: Strikes out looking
Top of the 7th over - 0 run(s), 0 hit(s), 0 error(s), 0 left on base; Plumstead 5 - Bemidji 2
BOTTOM OF THE 7TH
Bemidji Benders batting - Pitching for Plumstead Eagles : RHP Luis Silva
Batting: RHB Ángel Garza 0-0: Ball
1-0: Ball
2-0: Called Strike
2-1: Fly out, F9 (Flyball, 89S)
Batting: RHB Manny Ramírez 0-0: Ball
1-0: Ground out 6-3 (Groundball, 56)
Batting: SHB José Cruz 0-0: Ground out 4-3 (Groundball, 4MD)
Bottom of the 7th over - 0 run(s), 0 hit(s), 0 error(s), 0 left on base; Plumstead 5 - Bemidji 2
TOP OF THE 8TH
Plumstead Eagles batting - Pitching for Bemidji Benders : RHP Mark Anderson
Pitching: RHP José De La Cruz
Batting: SHB Nate Rhodes 0-0: Ball
1-0: Called Strike
1-1: Foul Ball, location: 2F
1-2: Ground out 3-1 (Groundball, 34)
Batting: RHB Joe Land 0-0: Ball
1-0: Ball
2-0: Ball
3-0: Base on Balls
Batting: RHB Ron King 0-0: Called Strike
0-1: Ball
1-1: Foul Ball, location: 2F
1-2: Strikes out swinging
Batting: RHB J.J. Leslie 0-0: Fly out, F9 (Flyball, 9D)
Top of the 8th over - 0 run(s), 0 hit(s), 0 error(s), 1 left on base; Plumstead 5 - Bemidji 2
BOTTOM OF THE 8TH
Bemidji Benders batting - Pitching for Plumstead Eagles : RHP Luis Silva
Batting: RHB António López 0-0: Called Strike
0-1: Ground out 6-3 (Groundball, 6M)
Pitching: LHP Pat Bruce
Batting: RHB Gabriel Stout 0-0: Ball
1-0: Swinging Strike
1-1: Ball
2-1: Foul Ball, location: 2F
2-2: Ball
3-2: Strikes out looking
Batting: SHB Edgardo Osorio 0-0: Ball
1-0: Called Strike
1-1: Fly out, F7 (Flyball, 7LD)
Bottom of the 8th over - 0 run(s), 0 hit(s), 0 error(s), 0 left on base; Plumstead 5 - Bemidji 2
TOP OF THE 9TH
Plumstead Eagles batting - Pitching for Bemidji Benders : RHP José De La Cruz
Batting: RHB Louis Smith 0-0: Ground out 6-3 (Groundball, 56)
Batting: RHB Tim Gardner 0-0: Ball
1-0: Called Strike
1-1: Ball
2-1: Swinging Strike
2-2: Ball
3-2: Strikes out looking
Batting: RHB José Moreno 0-0: Foul Ball, location: 2F
0-1: Ball
1-1: Ball
2-1: Swinging Strike
2-2: Strikes out swinging
Top of the 9th over - 0 run(s), 0 hit(s), 0 error(s), 0 left on base; Plumstead 5 - Bemidji 2
BOTTOM OF THE 9TH
Bemidji Benders batting - Pitching for Plumstead Eagles : LHP Pat Bruce
Pitching: LHP Dave Watkins
Now at SS: Pablo Villarreal
Batting: RHB Alfredo López 0-0: Foul Ball, location: 2F
0-1: Ball
1-1: Ball
2-1: Ball
3-1: Called Strike
3-2: Base on Balls
Batting: RHB Juan Costello 0-0: Fielders Choice at 2nd, 1-6 (Groundball, 13S)
Batting: RHB Javier Hernández 0-0: SINGLE (Line Drive, 89M)
Juan Costello to second
Batting: RHB Ángel Garza 0-0: Fielders Choice at 2nd, 1-6 (Groundball, 15)
Juan Costello to third
Batting: RHB Manny Ramírez 0-0: Ball
1-0: Called Strike
1-1: Ball
2-1: Foul Ball, location: 2F
2-2: Foul Ball, location: 2F
2-2: Ball
3-2: Foul Ball, location: 2F
3-2: Strikes out swinging
Bottom of the 9th over - 0 run(s), 1 hit(s), 0 error(s), 2 left on base; Plumstead 5 - Bemidji 2
This league is powered by Out of the Park Baseball, the baseball management simulation game for PC, Mac and Linux
Wednesday, December 2nd, 2015 - OOTP Baseball 16.8 Build 38